 Dungeon Crawl Stone Soup version 0.28-a0-998-gb9e9c7b67e (webtiles) character file.

Game seed: 6151129516485399419

290 bearlyready the Ruffian (level 6, -5/51 HPs)
             Began as a Ghoul Delver on Dec 5, 2021.
             Was an Initiate of Ru.
             Slain by Duvessa (15 damage)
             ... on level 4 of the Dungeon.
             The game lasted 00:05:35 (4698 turns).

bearlyready the Ruffian (Ghoul Delver)              Turns: 4698, Time: 00:05:36

Health: -5/51      AC:  3    Str: 18    XL:     6   Next: 32%
Magic:  5/5        EV: 11    Int:  5    God:    Ru [......]
Gold:   233        SH:  0    Dex: 10    Spells: 5/5 levels left

rFire   . . .      SeeInvis .     - Unarmed
rCold   + . .      Faith    .   (no shield)
rNeg    + + +      Spirit   .   a - +0 leather armour
rPois   ∞          Reflect  .   (no helmet)
rElec   .          Harm     .   (no cloak)
rCorr   .          Rampage  .   (no gloves)
Will    .....                   (no boots)
Stlth   +.........              (no amulet)
HPRegen 0.00/turn               (no ring)
MPRegen 0.09/turn               (no ring)

@: lit by a corona, inhibited regen, hasted, glowing, very quick
A: claws 1, cold resistance 1, negative energy resistance 3, inhibited
regeneration, torment resistance 2
a: Renounce Religion


You were on level 4 of the Dungeon.
You worshipped Ru.
Ru was noncommittal.
You visited 2 branches of the dungeon, and saw 6 of its levels.

You collected 233 gold pieces.

Inventory:

Missiles
 l - 147 stones
 n - 77 sling bullets
 t - 2 poisoned darts (quivered)
Armour
 a - a +0 leather armour (worn)
Magical Staves
 i - a staff of air
Wands
 f - a wand of digging (3)
Scrolls
 b - a scroll of fog
 c - a scroll of magic mapping
 d - 2 scrolls of fear
 g - a scroll of brand weapon {unknown}
 h - a scroll of torment {unknown}
 j - 4 scrolls of identify {unknown}
 k - 3 scrolls of teleportation
 o - a scroll of noise {unknown}
 q - a scroll of amnesia {unknown}
Potions
 m - a potion of cancellation {unknown}
 p - a potion of heal wounds {unknown}
 r - a potion of ambrosia {unknown}
 s - a potion of berserk rage {unknown}
 u - a potion of might {unknown}


   Skills:
 - Level 3.2 Fighting
 - Level 1.7 Dodging
 - Level 5.4 Stealth
 + Level 7.1 Unarmed Combat


You had 5 spell levels left.
You didn't know any spells.
Your spell library contained the following spells:

 Spells                   Type           Power      Damage    Failure   Level
 Animate Skeleton         Necr           0%         N/A       54%         1
 Pain                     Necr           0%         1d4       54%         1
 Ensorcelled Hibernation  Hex/Ice        0%         N/A       67%         2
 Tukima's Dance           Hex            0%         N/A       88%         3
 Vampiric Draining        Necr           0%         2d6       88%         3


Dungeon Overview and Level Annotations

Branches:
Dungeon (5/15)             Temple (1/1) D:4

Altars:
Ashenzari
Dithmenos
Elyvilon
Fedhas
Kikubaaqudgha
Makhleb
Qazlal
Ru
Sif Muna
Trog
Uskayaw
Yredelemnul
Zin
The Shining One

Shops:
D:2 :   D:3 !

Annotations:
D:3 Grinder, Sigmund
D:4 Duvessa


Innate Abilities, Weirdness & Mutations

You thrive by killing the living.
You are immune to poison.
You have sharp fingernails.
Your flesh is cold resistant. (rC+)
You are immune to negative energy. (rN+++)
You do not regenerate when monsters are visible.
You are immune to unholy pain and torment.


Message History

Press: ? - help, Q - select action, (/) - cycle Shift-Dir - straight line, f - Duvessa
Aim: Duvessa, wielding a +0 short sword and wearing a +0 ring mail (fast, 64% to hit)
You throw a poisoned dart. The poisoned dart hits Duvessa.
Duvessa is poisoned.
Throw: 3 darts (poison)
Press: ? - help, Q - select action, (/) - cycle Shift-Dir - straight line, f/p - Duvessa
Aim: Duvessa, wielding a +0 short sword and wearing a +0 ring mail (fast, poisoned, 64% to hit)
You throw a poisoned dart. The poisoned dart hits Duvessa.
Duvessa looks even sicker.
An endoplasm comes into view.
Okay, then.
You scratch Duvessa but do no damage.
Duvessa is lightly wounded.
Duvessa closely misses you. Duvessa hits you with a +0 short sword!
You claw Dowan!
Dowan is severely wounded.
Duvessa hits you with a +0 short sword!
Dowan looks more healthy.
Duvessa completely misses you.
Dowan points at you and mumbles some strange words.
You are outlined in light.
You feel yourself speed up. Duvessa hits you with a +0 short sword.
Dowan hits you with a +1 dagger of venom.
Duvessa says, "Did you see that move?
Perfect!"
Duvessa hits you with a +0 short sword! Dowan closely misses you.
You claw Dowan!
You kill Dowan!
Duvessa screams, "No!
How DARE you!"
Duvessa goes berserk!
Duvessa hits you with a +0 short sword!
* * * LOW HITPOINT WARNING * * *
The endoplasm hits you but does no damage.
Your Unarmed Combat skill increases to level 7!
You scratch Duvessa but do no damage. You claw Duvessa, but do no damage.
Duvessa is moderately wounded.
Duvessa barely misses you. The endoplasm hits you.
* * * LOW HITPOINT WARNING * * *
You claw Duvessa!
Duvessa is heavily wounded.
Duvessa hits you with a +0 short sword!
You die...

############
#..........#
#..........# #### .
#..........# #..# ..
#..........# #... ...
#..........# #.## ....
#####.########...
((...#### #..# #.....##
.(..((J@###.#####.###...
.....##)e.........#####.
.#.# ..#
..###...###.....# #.
##.#.# #.
#..####..###.###. .....
#.##.## #.## #.....
##.#.# #.#..#
#.#.....#). ..... .
#...## #.#.......#
.#.#.#.##.
##..######.#.....##
...#...##.
#.........#.....#


You could see Duvessa (berserk, fast, poisoned) and an endoplasm.

Vanquished Creatures
  Dowan (D:4)
  A hound (D:4)
  An orc priest (D:3)
  An orc wizard (D:3)
  A hound skeleton (D:4)
  A gnoll (D:3)
  5 adders
  A worm (D:2)
  3 dart slugs
  9 orcs
  7 bats
  6 endoplasms
  4 giant cockroaches
  5 hobgoblins
  A jackal (D:4)
  5 quokkas
  5 ball pythons
  3 frilled lizards
  3 goblins
  8 kobolds
  4 rats
75 creatures vanquished.

Vanquished Creatures (others)
  4 toadstools (D:5)
4 creatures vanquished.

Grand Total: 79 creatures vanquished

Notes
Turn   | Place    | Note
-------+----------+-------------------------------------------
     0 | D:5      | bearlyready the Ghoul Delver began the quest for the Orb.
     0 | D:5      | Reached XP level 1. HP: 19/19 MP: 0/0
   240 | D:5      | Noticed an iguana
   289 | D:5      | Noticed a howler monkey
   512 | D:5      | Noticed an iguana
   573 | D:3      | Noticed Sigmund
   573 | D:3      | Found Dohoux's Distillery.
   585 | D:3      | Noticed an orc priest
   587 | D:3      | Noticed an orc wizard
   846 | D:3      | Reached skill level 3 in Unarmed Combat
   846 | D:3      | Reached XP level 2. HP: 24/26 MP: 1/1
   863 | D:3      | Reached skill level 4 in Unarmed Combat
   863 | D:3      | Reached XP level 3. HP: 26/31 MP: 2/2
  1134 | D:3      | Reached skill level 5 in Unarmed Combat
  1134 | D:3      | Reached XP level 4. HP: 31/38 MP: 3/3
  1142 | D:2      | Found Byleihoi's Book Shop.
  2088 | D:2      | Found a faded altar of an unknown god.
  2129 | D:2      | Reached XP level 5. HP: 45/45 MP: 4/4
  2852 | D:3      | Reached skill level 6 in Unarmed Combat
  3804 | D:3      | Noticed Grinder
  4155 | D:4      | Found a staircase to the Ecumenical Temple.
  4218 | Temple   | Entered the Ecumenical Temple
  4359 | Temple   | Became a worshipper of Ru the Awakened
  4494 | D:4      | Reached XP level 6. HP: 51/51 MP: 5/5
  4683 | D:4      | Noticed Dowan
  4683 | D:4      | Noticed Duvessa
  4696 | D:4      | Killed Dowan
  4697 | D:4      | Reached skill level 7 in Unarmed Combat
  4698 | D:4      | Slain by Duvessa

Illustrated notes

Levels and vault maps discovered:
D:1:      minmay_arrival_radiant_lines, layout_basic
D:2:      layout_basic, serial_shops, nicolae_shop_window_shopping,
          shapermc_ecumenical_altar_venn, hangedman_decor_clover_reticule
D:3:      layout_basic, grunt_temple_overflow_open, serial_shops, shop,
          uniq_grinder, uniq_sigmund
D:4:      layout_rooms, kennysheep_mini, minmay_temple_entry_fiery,
          minmay_diced_spiral, uniq_duvessa
D:5:      layout_loops_ring, minmay_gold_behind_fungi, minmay_chambers_of_fives
Temple:   eino_temple_lava

Skill      XL: |  1  2  3  4  5  6 |
---------------+-------------------+-----
Unarmed Combat | 3 4 5 6 7 |  7.1
Fighting       | |  3.2
Dodging        | |  1.7
Stealth        | |  5.4

Action                   |  1- 3 |  4- 6 || total
-------------------------+-------+-------++-------
Melee: Unarmed           |    52 |   208 ||   260
       Punch             |       |     2 ||     2
Throw: Dart              |    11 |     5 ||    16
       Stone             |     2 |     1 ||     3
  Use: Scroll            |       |     1 ||     1
       Potion            |       |     1 ||     1
 Stab: Sleeping          |       |    10 ||    10
       Distracted        |       |     2 ||     2
Armor: Leather armour    |    21 |    45 ||    66
Dodge: Dodged            |    31 |   124 ||   155

Table legend: (Time is in decaauts)
 A = Elapsed time spent in this place.
 B = Non-inter-level travel time spent in this place.
 C = Inter-level travel time spent in this place.
 D = Time resting spent in this place.
 E = Time spent auto-exploring this place.
 F = Levels seen in this place.
 G = Mean time per level.
                   A        B        C        D        E       F      G
               +--------+--------+--------+--------+--------+-----+--------+
         Total |   4680 |   4400 |    280 |   1073 |   2451 |   6 |  780.0 |
       Dungeon |   4572 |   4294 |    278 |   1073 |   2390 |   5 |  914.4 |
        Temple |    107 |    105 |      2 |      0 |     61 |   1 |  107.0 |
               +--------+--------+--------+--------+--------+-----+--------+

Top non-repeatable levels by time:
     D:2: 1679 daAuts
     D:4: 978 daAuts
     D:3: 765 daAuts
     D:1: 632 daAuts
     D:5: 517 daAuts
  Temple: 107 daAuts
